 Dungeon Crawl Stone Soup version 0.14-a0-1974-gdb6e453 (webtiles) character file.

3159 Kae the Covert (level 9, -2/39 HPs)
             Began as a Spriggan Enchanter on Jan 17, 2014.
             Was an Initiate of Dithmengos.
             Slain by a scorpion zombie (7 damage)
             ... on Level 8 of the Dungeon.
             The game lasted 00:14:31 (7759 turns).

Kae the Covert (Spriggan Enchanter)                 Turns: 7759, Time: 00:14:32

HP  -2/39        AC  5     Str  7      XL: 9   Next: 47%
MP   3/27        EV 18     Int 17      God: Dithmengos [......]
Gold 290         SH  0     Dex 16      Spells:  3 memorised, 15 levels left

rFire  . . .     SeeInvis +     a - +2 dagger (curse)
rCold  . . .     Clarity  .     b - +2 robe
rNeg   . . .     Conserve .     (shield restricted)
rPois  .         rCorr    .     (helmet restricted)
rElec  .         rRot     .     y - +0 cloak
SustAb . .       Spirit   .     (gloves unavailable)
rMut   .         Warding  .     (boots unavailable)
Saprov . . .     Stasis   .     n - amulet of inaccuracy
MR     +....                    (no ring)
                                t - ring of wizardry

@: very quick, somewhat resistant to hostile enchantments, extremely stealthy
A: unfitting armour, see invisible, herbivore 3, speed 3, slow metabolism 2
a: Renounce Religion


You were on level 8 of the Dungeon.
You worshipped Dithmengos.
Dithmengos was noncommittal.
You were near starving.

You visited 2 branches of the dungeon, and saw 9 of its levels.

You collected 328 gold pieces.
You spent 38 gold pieces at shops.

Inventory:

Hand weapons
 a - a cursed +2,+2 dagger (weapon)
Missiles
 d - 9 darts (quivered)
 k - 11 tomahawks
Armour
 b - a +2 robe (worn)
 y - a +0 cloak (worn)
Magical devices
 w - a wand of fire (9) {unknown}
Comestibles
 r - a rambutan
 u - a royal jelly
 x - an apple
 C - 7 bread rations
 E - 5 chokos
Scrolls
 e - 3 scrolls of magic mapping
 f - 3 scrolls of blinking
 p - 2 scrolls of identify
 s - 2 scrolls of fear
 v - a scroll of recharging
 B - 3 scrolls of enchant armour
 F - a scroll of teleportation
Jewellery
 g - an uncursed ring of see invisible
 m - an uncursed ring of teleportation
 n - an amulet of inaccuracy (around neck)
 t - a ring of wizardry (left hand)
 z - an uncursed ring of regeneration {unknown}
Potions
 h - a potion of restore abilities
 i - 2 potions of invisibility
 j - 3 potions of curing
 o - 3 potions of heal wounds
 A - a potion of speed
Books
 c - a book of Maledictions

   Spells                             Type                      Level
   *Corona                            Hexes                        1
   Sure Blade                         Hexes/Charms                 2
   *Ensorcelled Hibernation           Hexes/Ice                    2
   *Confuse                           Hexes                        3
   Enslavement                        Hexes                        4
   Invisibility                       Hexes                        6
 G - a book of Alchemy

   Spells                             Type                      Level
   Lethal Infusion                    Charms/Necromancy            2
   Sublimation of Blood               Necromancy                   2
   Condensation Shield                Ice                          4
   Alistair's Intoxication            Transmutation/Poison         4
   Petrify                            Transmutation/Earth          4
   Ignite Poison                      Fire/Transmutation           5


   Skills:
 * Level 8.6 Short Blades
 - Level 1.1 Throwing
 - Level 3.0 Dodging
 * Level 12.1 Stealth
 + Level 6.5 Spellcasting
 + Level 7.1 Hexes


You had 15 spell levels left.
You knew the following spells:

 Your Spells              Type           Power        Failure   Level  Hunger
a - Corona                Hex            ####...      1%          1    None
b - Ensorcelled Hibernat  Hex/Ice        ###...       1%          2    None
c - Confuse               Hex            ####....     1%          3    ##.....


Dungeon Overview and Level Annotations

Branches:
Dungeon (8/16)             Temple (1/1) D:6
   Lair: D:8-11

Altars:
Ashenzari
Cheibriados
Dithmengos
Kikubaaqudgha
Nemelex Xobeh
Okawaru
Sif Muna
Trog
Vehumet
Xom
Yredelemnul
the Shining One
Lugonu

Shops:
D:5 *


Innate Abilities, Weirdness & Mutations

You are tiny and cannot use many weapons and most armour.
You have supernaturally acute eyesight.
You are a herbivore.
You cover ground extremely quickly.
You need consume almost no food.


Message History

You closely miss the scorpion zombie. You hit the scorpion zombie.
You hit the scorpion zombie. The scorpion zombie misses you.
You closely miss the scorpion zombie.
You hit the scorpion zombie but do no damage.
The scorpion zombie closely misses you.
You hit the scorpion zombie. You hit the scorpion zombie.
The scorpion zombie barely misses you.
You hit the scorpion zombie but do no damage.
You barely miss the scorpion zombie. You closely miss the scorpion zombie.
The scorpion zombie completely misses you.
You hit the scorpion zombie. You hit the scorpion zombie.
The scorpion zombie hits you!
* * * LOW HITPOINT WARNING * * *
You hit the scorpion zombie but do no damage.
You barely miss the scorpion zombie. The scorpion zombie misses you.
You closely miss the scorpion zombie. You closely miss the scorpion zombie.
The scorpion zombie hits you!
You die...

#.. #.# #.# #.#
#.# ######.# ..
......# ....
#...# o....
#..@####.....
#..)z%%.......
#.............
####.....##).....
.........# ....
#######..# . #..#
#..# #..#


You could see a scorpion zombie.

Vanquished Creatures
  The ghost of wuxia the Poker, an average MfSk (D:4)
  A hungry ghost (D:7)
  Eustachio (D:6)
  An orc warrior (D:7)
  A sky beast (D:6)
  An ice beast (D:6)
  3 centaurs
  5 phantoms
  6 ogres
  Duvessa (D:7)
  Blork the orc (D:7)
  A giant frog (D:6)
  Dowan (D:7)
  A giant frog zombie (D:6)
  2 hounds
  2 crimson imps (D:5)
  An orc priest (D:7)
  A jelly (D:6)
  6 orc wizards
  3 worker ants
  Terence (D:2)
  2 hound skeletons
  6 adders
  An inept feature mimic (D:6)
  A giant mite (D:6)
  3 worms
  2 giant eyeballs
  3 giant geckos
  3 oozes
  11 orcs
  3 ball pythons
  8 bats
  A bat zombie (D:5)
  7 giant cockroaches
  9 goblins
  11 hobgoblins
  15 jackals
  3 giant newts
  16 kobolds
  An orc zombie (D:7)
  9 quokkas
  A quokka zombie (D:7)
  11 rats
  A rat skeleton (D:4)
169 creatures vanquished.

Notes
Turn   | Place    | Note
--------------------------------------------------------------
     0 | D:1      | Kae, the Spriggan Enchanter, began the quest for the Orb.
     0 | D:1      | Reached XP level 1. HP: 9/9 MP: 4/4
   555 | D:1      | Reached XP level 2. HP: 13/13 MP: 7/7
   559 | D:1      | Learned a level 2 spell: Ensorcelled Hibernation
  1003 | D:1      | Reached skill level 4 in Stealth
  1088 | D:2      | Found a snail-covered altar of Cheibriados.
  1132 | D:2      | Reached XP level 3. HP: 16/16 MP: 9/9
  1137 | D:2      | Learned a level 3 spell: Confuse
  1315 | D:2      | Found a bloodstained altar of Trog.
  1443 | D:2      | Noticed Terence
  1451 | D:2      | Killed Terence
  1881 | D:2      | Found a deep blue altar of Sif Muna.
  1881 | D:2      | Found a basalt altar of Yredelemnul.
  2369 | D:3      | Reached skill level 5 in Stealth
  2369 | D:3      | Reached XP level 4. HP: 9/21 MP: 7/13
  2891 | D:4      | Noticed an ogre
  2898 | D:4      | Killed an ogre
  2898 | D:4      | Reached XP level 5. HP: 24/24 MP: 13/16
  2966 | D:4      | Noticed a phantom
  2990 | D:4      | Killed a phantom
  2990 | D:4      | Reached skill level 6 in Stealth
  3198 | D:4      | Noticed wuxia's ghost (average MfSk)
  3342 | D:4      | Noticed a phantom
  3387 | D:4      | Killed wuxia's ghost
  3387 | D:4      | Reached skill level 7 in Stealth
  3387 | D:4      | Reached XP level 6. HP: 12/28 MP: 10/20
  3408 | D:4      | Killed a phantom
  3408 | D:4      | Reached skill level 5 in Hexes
  3408 | D:4      | Reached XP level 7. HP: 10/32 MP: 11/21
  4265 | D:5      | Entered Level 5 of the Dungeon
  4369 | D:5      | Reached skill level 5 in Short Blades
  4376 | D:5      | Reached skill level 8 in Stealth
  4800 | D:5      | Paralysed by a giant eyeball for 3 turns
  4830 | D:5      | Found Mopaegog's Assorted Antiques.
  4987 | D:5      | Bought an oily black potion for 18 gold pieces
  4987 | D:5      | Bought a scroll labeled MUREV FODINLU for 20 gold pieces
  5000 | D:5      | Gained mutation: Your flesh is cold resistant. [potion of mutation]
  5000 | D:5      | Gained mutation: You can spit poison. [potion of mutation]
  5000 | D:5      | Gained mutation: You are robust (+10% HP). [potion of mutation]
  5001 | D:5      | Gained mutation: You are partially covered in slimy green scales (AC +2). [potion of beneficial mutation]
  5002 | D:5      | Gained mutation: Your system is resistant to poisons. [potion of beneficial mutation]
  5078 | D:5      | Noticed a moth of wrath
  5081 | D:5      | Found a bloodstained altar of Trog.
  5359 | D:6      | Reached skill level 9 in Stealth
  5448 | D:6      | Found a staircase to the Ecumenical Temple.
  5491 | D:6      | Reached XP level 8. HP: 32/39 MP: 18/23
  5523 | Temple   | Entered the Ecumenical Temple
  5640 | D:6      | Found Tiekhlo Xefa's Gadget Shop.
  5645 | D:6      | Tiekhlo Xefa's Gadget Shop was a mimic.
  5756 | D:6      | Noticed Eustachio
  5761 | D:6      | Reached skill level 5 in Spellcasting
  5766 | D:6      | Killed Eustachio
  5766 | D:6      | Reached skill level 10 in Stealth
  6370 | D:7      | Noticed a two-headed ogre
  6391 | D:7      | Noticed Dowan
  6392 | D:7      | Noticed Duvessa
  6395 | D:7      | Killed Dowan
  6638 | D:7      | Killed Duvessa
  6638 | D:7      | Reached skill level 11 in Stealth
  6817 | D:7      | Reached XP level 9. HP: 36/42 MP: 14/26
  7300 | D:7      | Found a shimmering altar of Xom.
  7300 | D:7      | Found a shimmering altar of Xom.
  7300 | D:7      | Found a shimmering altar of Xom.
  7306 | D:7      | Noticed a wind drake
  7308 | D:7      | Found a shimmering altar of Xom.
  7308 | D:7      | Found a shimmering altar of Xom.
  7309 | D:7      | Found a shimmering altar of Xom.
  7309 | D:7      | Found a shimmering altar of Xom.
  7310 | D:7      | Found a shimmering altar of Xom.
  7310 | D:7      | Found a shimmering altar of Xom.
  7311 | D:7      | Found a shimmering altar of Xom.
  7311 | D:7      | Noticed an octopode
  7378 | D:7      | Found a shadowy altar of Dithmengos.
  7385 | D:7      | Became a worshipper of Dithmengos
  7525 | D:7      | Noticed Blork the orc
  7541 | D:7      | Killed Blork the orc
  7594 | D:7      | Found a shattered altar of Ashenzari.
  7667 | D:7      | Lost mutation: Your flesh is cold resistant. [potion of cure mutation]
  7667 | D:7      | Lost mutation: You can spit poison. [potion of cure mutation]
  7667 | D:7      | Lost mutation: You are robust (+10% HP). [potion of cure mutation]
  7667 | D:7      | Lost mutation: Your system is resistant to poisons. [potion of cure mutation]
  7667 | D:7      | Lost mutation: You are partially covered in slimy green scales (AC +2). [potion of cure mutation]
  7706 | D:8      | Reached skill level 12 in Stealth
  7759 | D:8      | Slain by a scorpion zombie

Action                   |  1- 3 |  4- 6 |  7- 9 || total
-------------------------+-------+-------+-------++-------
Melee: Dagger            |   187 |    42 |   378 ||   607
Throw: Dart              |       |    15 |       ||    15
       Tomahawk          |       |     2 |       ||     2
 Cast: Corona            |     1 |     3 |       ||     4
       Ensorcelled Hiber |     7 |     1 |    71 ||    79
       Confuse           |       |    12 |    19 ||    31
  Use: Scroll            |       |       |    24 ||    24
       Potion            |       |       |     9 ||     9
 Stab: Sleeping          |    18 |     8 |    66 ||    92
       Confused          |       |     5 |     5 ||    10
       Distracted        |       |     1 |     4 ||     5
